 Dungeon Crawl Stone Soup version 0.28.0 (webtiles) character file.

Game seed: 4656466415969600812

984 trckry the Fiendish (level 7, 0/47 HPs)
             Began as a Demonspawn Fire Elementalist on Feb 12, 2022.
             Was a Priest of Makhleb.
             Slain by a water moccasin skeleton (4 damage)
             ... on level 5 of the Dungeon.
             The game lasted 00:21:01 (5456 turns).

trckry the Fiendish (Demonspawn Fire Elementalist)  Turns: 5456, Time: 00:21:02

Health: 0/47       AC:  6    Str:  8    XL:     7   Next: 97%
Magic:  10/12      EV: 12    Int: 24    God:    Makhleb [***...]
Gold:   244        SH:  0    Dex: 13    Spells: 12/13 levels left

rFire   . . .      SeeInvis .   j - +1 hand axe of Ycaeq {protect, Int+5}
rCold   . . .      Faith    .   (no shield)
rNeg    . . .      Spirit   .   c - +0 robe
rPois   .          Reflect  .   (no helmet)
rElec   .          Harm     .   i - +0 cloak
rCorr   .          Rampage  .   y - +1 pair of gloves
Will    .....                   (no boots)
Stlth   ++........              (no amulet)
HPRegen 0.15/turn               (no ring)
MPRegen 0.13/turn               (no ring)

@: no status effects
A: claws 1, foul stench 1, sharp scales 1
a: Renounce Religion, Minor Destruction, Lesser Servant of Makhleb


You were on level 5 of the Dungeon.
You worshipped Makhleb.
Makhleb was most pleased with you.
You visited 1 branch of the dungeon, and saw 5 of its levels.

You collected 244 gold pieces.

Inventory:

Hand Weapons
 j - the +1 hand axe of Ycaeq (weapon) {protect, Int+5}
   (You found it on level 2 of the Dungeon)

   It grants its wielder temporary protection when it strikes (+7 to AC).
   Int:       It affects your intelligence (+5).
 u - the +3 falchion of the Bruised Moons {venom, rElec rPois rF+ Int-4}
   (You found it on level 5 of the Dungeon)

   It poisons the flesh of those it strikes.
   Int:       It affects your intelligence (-4).
   rF:        It protects you from fire.
   rElec:     It insulates you from electricity.
   rPois:     It protects you from poison.
Missiles
 k - 76 stones
 l - 45 sling bullets
Armour
 c - a +0 robe (worn)
 i - a +0 cloak (worn)
 v - a +1 cloak of preservation
 y - a +1 pair of gloves (worn)
Jewellery
 p - a +4 ring of evasion
Wands
 s - a wand of iceblast (7)
Scrolls
 b - 2 scrolls of magic mapping {unknown}
 d - 4 scrolls of teleportation {unknown}
 e - a scroll of fog {unknown}
 h - 3 scrolls of identify {unknown}
 n - 3 scrolls of fear {unknown}
 o - a scroll of immolation {unknown}
 t - a scroll of holy word {unknown}
Potions
 f - 2 potions of attraction {unknown}
 g - 2 potions of mutation {unknown}
 m - 2 potions of invisibility
 q - 2 potions of haste {unknown}
 r - 3 potions of heal wounds {unknown}
 w - 2 potions of curing {unknown}
 x - a potion of degeneration {unknown}


   Skills:
 + Level 0.3 Fighting
 + Level 0.3 Armour
 - Level 2.0 Dodging
 - Level 2.0 Stealth
 * Level 2.6 Unarmed Combat
 + Level 3.8 Spellcasting
 - Level 4.0 Conjurations
 - Level 5.0 Fire Magic
 + Level 5.5 Invocations


You had 12 spell levels left.
You knew the following spells:

 Your Spells              Type           Power      Damage    Failure   Level
a - Foxfire               Conj/Fire      100%       2x1d9     1%          1

Your spell library contained the following spells:

 Spells                   Type           Power      Damage    Failure   Level
 Scorch                   Fire           56%        2d8       1%          2
 Conjure Flame            Conj/Fire      26%        6-21      4%          3
 Sting                    Tmut/Pois      16%        1d3       10%         1
 Inner Flame              Hex/Fire       16%        N/A       11%         3
 Blink                    Tloc           8%         N/A       16%         2
 Poisonous Vapours        Pois/Air       8%         N/A       16%         2
 Flame Wave               Conj/Fire      26%        2d7       16%         4
 Lesser Beckoning         Tloc           4%         N/A       30%         3
 Olgreb's Toxic Radiance  Pois           4%         N/A       69%         4
 Manifold Assault         Tloc           4%         N/A       95%         5


Dungeon Overview and Level Annotations

Branches:
Dungeon (5/15)
 Temple: D:4-7

Altars:
Makhleb

Shops:
D:3 *

Annotations:
D:4 1 runed translucent door, Arzaac's ghost, novice FoFi


Innate Abilities, Weirdness & Mutations

You have sharp fingernails.
You may rarely emit foul miasma when damaged in melee.
You are partially covered in razor-sharp scales. (AC +1, Slay +1)


Message History

The water moccasin skeleton bites you but does no damage.
You see here 11 arrows.
Casting: Foxfire (safe; 3% risk of failure)
Confirm with . or Enter, or press ? or * to list all spells.
You miscast Foxfire.
You are very lightly contaminated with residual magic.
Nothing appears to happen.
The water moccasin skeleton bites you.
* * * LOW HITPOINT WARNING * * *
The water moccasin skeleton barely misses you.
The +3 falchion of the Bruised Moons {venom, rElec rPois rF+ Int-4} stops dripping with poison.
You feel clever.
The +1 hand axe of Ycaeq {protect, Int+5} hums with potential!
j - the +1 hand axe of Ycaeq (weapon)
{protect, Int+5} The water moccasin skeleton closely misses you.
Your magical contamination has completely faded away.
The water moccasin skeleton bites you.
* * * LOW HITPOINT WARNING * * *
Casting: Foxfire (safe; 1% risk of failure)
Confirm with . or Enter, or press ? or * to list all spells.
You conjure some foxfire!
The water moccasin skeleton barely misses you.
The water moccasin skeleton bites you.
* * * LOW HITPOINT WARNING * * *
Your foxfire dissipates!
The foxfire hits the water moccasin skeleton!
The water moccasin skeleton is heavily damaged.
Aiming: Iceblast
Press: ? - help, Shift-Dir - straight line, f - water moccasin skeleton
Aim: a water moccasin skeleton (heavily damaged)
Okay, then.
Aiming: Minor Destruction (1% risk of failure)
Press: ? - help, Shift-Dir - straight line, f - water moccasin skeleton
Aim: a water moccasin skeleton (heavily damaged)
The puff of flame hits the water moccasin skeleton.
The water moccasin skeleton is heavily damaged.
The water moccasin skeleton barely misses you.
Casting: Foxfire (safe; 1% risk of failure)
Confirm with . or Enter, or press ? or * to list all spells.
You conjure some foxfire!
The water moccasin skeleton bites you.
You die...

.# ##...♣♣♣♣♣♣...# #.# .#
#.............# #.#
.###.#######.....# #.# #######
.+.......)..#+##.# #.# #......
.#...#.#..#.# #.# #.#####......
.#...#....#.#.##.####.#..........
...............................>.
............#.##v#.####.####....<
##.#######..#...@Z.......#.'.....
#.............#v#.####..#.#.....
##########..#.#.#+####..#.#.....
##.#.#.........#.######
#...#.........#.#
####..#.......#.#.###
#.............+.#...####
#.###+##......#...(....)
#.##....÷.....+.......##


You could see a water moccasin skeleton (ally target).

Vanquished Creatures
  Sigmund (D:2)
  An ogre (D:5)
  A necrophage (D:5)
  A phantom (D:4)
  A water moccasin skeleton (D:5)
  A howler monkey (D:5)
  Crazy Yiuf (D:4)
  2 hounds (D:5)
  A gnoll shaman (D:4)
  2 orc priests (D:4)
  A bullfrog skeleton (D:4)
  2 iguanas
  2 orc wizards (D:4)
  3 gnolls (D:4)
  7 adders
  An ufetubus (D:4)
  2 worms
  2 dart slugs
  7 orcs
  6 ball pythons
  7 endoplasms
  4 giant cockroaches
  4 goblins
  5 hobgoblins
  4 jackals (D:1)
  3 quokkas (D:3)
  9 bats
  10 frilled lizards
  6 kobolds
  4 rats
101 creatures vanquished.

Vanquished Creatures (others)
  273 foxfires
  6 plants (D:1)
279 creatures vanquished.

Grand Total: 380 creatures vanquished

Notes
Turn   | Place    | Note
-------+----------+-------------------------------------------
     0 | D:1      | trckry the Demonspawn Fire Elementalist began the quest for
                  | the Orb.
     0 | D:1      | Reached XP level 1. HP: 13/13 MP: 3/3
   114 | D:1      | Found a faded altar of an unknown god.
   240 | D:1      | Prayed at the altar of an unknown god.
   240 | D:1      | Became a worshipper of Makhleb the Destroyer
   240 | D:1      | Reached * piety under Makhleb
   328 | D:1      | Gained mutation: You are partially covered in razor-sharp
                  | scales. (AC +1, Slay +1) [demonic ancestry]
   328 | D:1      | Reached XP level 2. HP: 19/19 MP: 1/5
   582 | D:1      | Reached skill level 1 in Invocations
  1145 | D:2      | Noticed Sigmund
  1328 | D:2      | Reached XP level 3. HP: 24/24 MP: 3/6
  1372 | D:2      | Identified the +1 hand axe of Ycaeq {protect, Int+5}
  1407 | D:2      | Killed Sigmund
  1408 | D:2      | Gained mutation: You may rarely emit foul miasma when
                  | damaged in melee. [demonic ancestry]
  1408 | D:2      | Reached XP level 4. HP: 30/30 MP: 0/8
  1408 | D:2      | Reached XP level 5. HP: 35/35 MP: 0/9
  2287 | D:3      | Reached ** piety under Makhleb
  2642 | D:3      | Found Mocaoch's Assorted Antiques.
  3061 | D:4      | Noticed a phantom
  3069 | D:4      | Killed a phantom
  3070 | D:4      | Gained mutation: You have sharp fingernails. [demonic
                  | ancestry]
  3070 | D:4      | Reached XP level 6. HP: 41/41 MP: 1/10
  3362 | D:4      | Found a runed translucent door.
  3921 | D:4      | Reached XP level 7. HP: 38/46 MP: 5/12
  4038 | D:4      | Reached skill level 1 in Unarmed Combat
  4038 | D:4      | Reached skill level 5 in Invocations
  4149 | D:4      | Found a runed translucent door.
  4150 | D:4      | Noticed Crazy Yiuf
  4187 | D:4      | Killed Crazy Yiuf
  4187 | D:4      | Reached *** piety under Makhleb
  4569 | D:4      | Noticed Arzaac's ghost (novice FoFi)
  4579 | D:5      | Entered Level 5 of the Dungeon
  4638 | D:5      | Identified the +3 falchion of the Bruised Moons {venom,
                  | rElec rPois rF+ Int-4}
  5416 | D:5      | Reached skill level 5 in Fire Magic
  5446 | D:5      | HP: 6/47 [water moccasin skeleton (3)]
  5452 | D:5      | HP: 5/47 [water moccasin skeleton (2)]
  5456 | D:5      | Slain by a water moccasin skeleton

Illustrated notes

Levels and vault maps discovered:
D:1:      ebering_hopf_link, layout_basic, ebering_ecumenical_altar_rust,
          minmay_misc_feat_x, chequers_serial_rivers_micro_a, minmay_lizard_king
D:2:      layout_basic, feat_on_display, uniq_sigmund
D:3:      layout_loops_ring, serial_shops, shop_statue,
          chequers_serial_rivers_small_a, minivault_26,
          chequers_serial_rivers_micro_e
D:4:      layout_gridville, ebering_ghost_reflecting_pool,
          uniq_crazy_yiuf_cottage
D:5:      minmay_polygon_palace, layout_basic, nrook_campfire

Skill      XL: |  1  2  3  4  5  6  7 |
---------------+----------------------+-----
Fire Magic     | 3 4 5 |  5.0
Invocations    | 1 3 4 5 |  5.5
Conjurations   | 2 3 4 |  4.0
Spellcasting   | 3 |  3.8
Stealth        | 2 |  2.0
Unarmed Combat | 2 |  2.6
Dodging        | 2 |  2.0
Fighting       | |  0.3
Armour         | |  0.3

Action                   |  1- 3 |  4- 6 |  7- 9 || total
-------------------------+-------+-------+-------++-------
Melee: Whip              |    28 |       |       ||    28
       Punch             |     1 |     2 |       ||     3
       Short sword       |     2 |       |       ||     2
       Hand axe          |       |    78 |       ||    78
       Falchion          |       |       |    33 ||    33
 Cast: Foxfire           |    30 |    82 |    52 ||   164
Invok: Minor Destruction |       |       |     1 ||     1
 Stab: Sleeping          |     1 |     1 |       ||     2
Armor: Robe              |    14 |    44 |     9 ||    67
Dodge: Dodged            |    39 |    71 |    27 ||   137
